[Event "Late-Titled-Tuesday-Blitz-December-26-2023"]
[Site "Chess.com"]
[Date "2023.12.26"]
[Round "4"]
[White "robertoalejandro10"]
[Black "Hrant_ChessMood"]
[Result "1-0"]
[WhiteElo "2570"]
[BlackElo "2855"]
[TimeControl "180+1"]
[EndTime "14:40:40 PST"]
[Termination "robertoalejandro10 won on time"]

1. Nf3 c5 2. c4 g6 3. g3 Bg7 4.
Bg2 Nc6 5. O-O d6 6. Nc3 Bf5 7. b3 Qd7 8. Bb2 Bh3 9. Qc1 Bxg2 10. Kxg2 e5 11. Nd5 Nge7 12. Nxe7 Qxe7 13. d3 O-O 14. Qd2 Nd4 15. e3 Nxf3 16. Kxf3 f5 17. Kg2 f4 18.
exf4 exf4 19. Bxg7 Qxg7 20. h3 Rf7 21. Rae1 Raf8 22.
g4 h5 23. f3 Qf6 24. Re4 Rh7 25. Rh1 Rff7 26. Qe2 hxg4 27. Re8+ Rf8 28. Rxf8+ Kxf8 29. hxg4 Rxh1 30. Kxh1 Qh4+ 31. Kg1 Qg3+ 32. Kf1 Qh3+ 33. Qg2 Qh8 34. Qe2 Qh1+ 35. Kf2 Qa1 36. Qd2 Qd4+ 37. Kg2 Kf7 38. Qe2 d5 39. cxd5 Qxd5 40. Qe4 Qd4 41. Qxb7+ Kf6 42. Qe4 Qd6 43. Kf2 Kg5 44. Kg2 Kf6 45.
Kf2 Qc7 46. Ke2 Qd6 47. Kd2 Qc7 48. d4 Qd6 49. Kd3 Qd8 50. Qxf4+ Kg7 51. Qe5+ Kh7 52.
Qxc5 Qf6 53. Qe5 Qa6+ 54. Ke4 Qxa2 55. d5 Qb1+ 56. Kf4 Qc1+ 57. Kg3 Qg1+ 58. Kf4 Qh2+ 59. Ke4 Qe2+ 60. Kd4 Qb2+ 61. Ke4 Qe2+ 62. Kd4 Qb2+ 63.
Ke4 Qxb3 64. Qe7+ Kh6 65. Qxa7 Qc4+ 66. Qd4 Qe2+ 67. Qe3+ 1-0

[Event "Late-Titled-Tuesday-Blitz-December-26-2023"]
[Site "Chess.com"]
[Date "2023.12.26"]
[Round "4"]
[White "CheckThis4"]
[Black "KnobbedHornbill"]
[Result "1-0"]
[WhiteElo "2728"]
[BlackElo "2521"]
[TimeControl "180+1"]
[EndTime "14:40:40 PST"]
[Termination "CheckThis4 won by checkmate"]

1. e4 c5 2. Nf3 e6 3. c3 d5 4. exd5 Qxd5 5. d4 Nf6 6. Na3 Nc6 7. Nb5 Qd8 8. dxc5 Bxc5 9. Qxd8+ Kxd8 10. Bg5 Ke7 11.
Bd3 a6 12. Nbd4 Bxd4 13. cxd4 Nb4 14. Be4 Rd8 15. Rc1 h6 16. Rc7+ Rd7 17. Bxf6+ Kxf6 18. Rc4 a5 19. a3 Nd5 20. Ne5 Rd8 21. O-O Nf4 22. Rd1 Rxd4 23. Ng4+ Kg5 24. Rdxd4 Ne2+ 25. Kf1 Nxd4 26. Rxd4 f5 27. f4+ Kxg4 28. Bf3+ Kh4 29. g3+ Kh3 30. Bg2+ Kg4 31. Kf2 Kh5 32. Rd8 Kg6 33. Rf8 a4 34. h4 h5 35. Bf3 Kh6 36. Ke3 Kg6 37. Kd4 Kh6 38. Kc3 g6 39. Rd8 Kg7 40.
Kb4 Kf7 41. Bg2 Ke7 42. Rh8 Kd7 43. Bf1 b6 44. Bb5+ Kd6 45. Rd8+ Ke7 46. Rg8 Bb7 47. Rg7+ Kf6 48. Rxb7 Rd8 49. Rxb6 Rd2 50. Kxa4 Rxb2 51. Rb8 Rg2 52. Rf8+ Ke7 53. Re8+ Kf7 54. Rc8 Rxg3 55.
Kb4 Kf6 56. a4 Rg4 57. a5 Rxf4+ 58. Kc5 Rf2 59. a6 Ra2 60. Kb6 e5 61. Rc4 e4 62.
Ba4 Rb2+ 63. Kc7 Ke5 64. a7 Rc2 65. Rxc2 e3 66. a8=Q Kf4 67. Qe8 Kg4 68. Re2 Kxh4 69. Rxe3 g5 70. Qe7 f4 71. Qe5 f3 72. Qe4+ g4 73.
Rxf3 Kg5 74. Rf5+ Kh4 75. Qe1+ g3 76. Rf4+ Kh3 77. Qh1# 1-0

[Event "Late-Titled-Tuesday-Blitz-December-26-2023"]
[Site "Chess.com"]
[Date "2023.12.26"]
[Round "4"]
[White "Petukhov_Dmitry"]
[Black "FrenchHarvey"]
[Result "1/2-1/2"]
[WhiteElo "2467"]
[BlackElo "2623"]
[TimeControl "180+1"]
[EndTime "14:40:42 PST"]
[Termination "Game drawn by repetition"]

1. e4 c5 2. c3 d6 3. d4 Nf6 4.
dxc5 Nc6 5. Bc4 Nxe4 6. Bxf7+ Kxf7 7. Qh5+ g6 8. Qd5+ e6 9. Qxe4 d5 10. Qe3 d4 11. cxd4 Qxd4 12. Nf3 Qxe3+ 13. Bxe3 Nb4 14. Na3 Bg7 15. Bd4 e5 16. Bxe5 Nd3+ 17. Kd2 Nxe5 18. Nxe5+ Bxe5 19. Nc4 Bd4 20. Rac1 Be6 21.
Nd6+ Kg7 22. Nxb7 Bxb2 23. Rc2 Bf6 24. c6 Bf5 25. Rc4 Rac8 26. f4 Rc7 27. Rhc1 Be6 28. R4c2 Bd5 29. g3 Bxc6 30. Nc5 Re8 31. Nd3 Bd4 32.
Rxc6 Be3+ 33. Kd1 Rd7 34. Rc7 Ree7 35. Rxd7 Rxd7 36. Rc3 Bg1 37. Ke2 h5 38. Kf1 Bd4 39.
Rb3 Bb6 40. Kg2 Rc7 41. Rb2 Rc1 42. Re2 Kf6 43. h4 Bd4 44. Ne5 Rg1+ 45. Kf3 Ra1 46. Nd7+ Kf7 47. Ne5+ Kf6 48. Nd7+ Kf5 49. Rd2 Bc3 50.
Rc2 Bd4 51. Rd2 Bg1 52. Re2 Bd4 53. Ne5 Rf1+ 54. Kg2 Rg1+ 55. Kf3 Rf1+ 56. Kg2 Rb1 57. Nc6 Bf6 58. Kf3 Rf1+ 59. Kg2 Rc1 60. Ne7+ Bxe7 61. Rxe7 Rc2+ 62. Kf3 Rc3+ 63. Re3 Rc2 64. Re5+ Kf6 65.
Ra5 Rc7 66. Ra3 Kf5 67. Ra5+ Kf6 68. Kg2 Rb7 69. Kf3 Rc7 1/2-1/2

[Event "Late-Titled-Tuesday-Blitz-December-26-2023"]
[Site "Chess.com"]
[Date "2023.12.26"]
[Round "4"]
[White "matagordo"]
[Black "Bala-Afiada"]
[Result "0-1"]
[WhiteElo "2249"]
[BlackElo "2026"]
[TimeControl "180+1"]
[EndTime "14:41:01 PST"]
[Termination "Bala-Afiada won on time"]

1. d4 d5 2. Bf4 Nf6 3. e3 c5 4.
Nf3 Nc6 5. Nbd2 Qb6 6. dxc5 Qxc5 7. c3 Bf5 8. h3 e6 9. Be2 Be7 10. O-O O-O 11. Nb3 Qb6 12. Nh4 Bg6 13. Nxg6 hxg6 14. Bf3 Rac8 15. Re1 Rfd8 16. Qb1 e5 17. Bg3 e4 18.
Be2 Bd6 19. Bxd6 Rxd6 20. Rd1 Ne5 21. Nd4 a6 22. Qc2 Qd8 23. Rac1 Qd7 24. Qb3 g5 25. c4 dxc4 26. Bxc4 Nxc4 27. Rxc4 Rxc4 28. Qxc4 Rc6 29. Qb3 Rd6 30. Rc1 b5 31. Qa3 g4 32. hxg4 Nxg4 33. Qc5 Rd5 34. Qc8+ Qxc8 35. Rxc8+ Kh7 36. Rc6 a5 37. g3 Ne5 38. Rc7 f6 39. Kg2 b4 40. Nf5 Rd7 41. Rc5 Kg6 42. Nh4+ Kf7 43. Rxa5 Nd3 44. Nf5 g6 45. Nd4 Nxb2 46. Rb5 Nd3 47.
Rb8 Rc7 48. Nb5 Rc2 49. Rb7+ Kf8 50. Rb8+ Kg7 51. Rb7+ Kh6 52. Nd4 Rxf2+ 53. Kg1 Rxa2 54. Ne6 Ra1+ 55. Kg2 Ra2+ 56. Kg1 Ra1+ 57. Kg2 Rb1 58. Rb8 g5 59. Rh8+ Kg6 60. Rd8 Kf7 61. Nd4 Rb2+ 62. Kg1 Ne5 63. Rb8 Nf3+ 64. Kf1 Nxd4 65. exd4 Ke6 66. Rb5 b3 67. g4 e3 68.
Ke1 Rd2 69. Rxb3 Rxd4 70. Rxe3+ Kd5 71. Rg3 Rf4 72. Ke2 Ke4 73. Re3+ Kd4 74. Rg3 Re4+ 75. Kf2 Ke5 76. Kg2 Kf4 77. Kh3 Re3 78. Kg2 Rxg3+ 79. Kf2 Rxg4 0-1

[Event "Late-Titled-Tuesday-Blitz-December-26-2023"]
[Site "Chess.com"]
[Date "2023.12.26"]
[Round "4"]
[White "zsoltkorpics"]
[Black "CuteSheepCloud"]
[Result "1/2-1/2"]
[WhiteElo "2506"]
[BlackElo "2645"]
[TimeControl "180+1"]
[EndTime "14:41:11 PST"]
[Termination "Game drawn by repetition"]

1. e4 e5 2. Nf3 Nc6 3. Bb5 Nf6 4. O-O Nxe4 5. Re1 Nd6 6. Nxe5 Nxe5 7. Rxe5+ Be7 8. Bf1 O-O 9. d4 Bf6 10. Re1 Re8 11.
Nc3 Rxe1 12. Qxe1 Nf5 13. Bf4 d6 14. d5 g5 15. Bd2 h6 16. Bd3 Bd7 17. Qe2 Nd4 18.
Qh5 Bg7 19. Ne2 Nxe2+ 20. Qxe2 Qf8 21. Qe4 f5 22. Qb4 b6 23. Bb5 a5 24. Qa4 Bxb2 25. Re1 Bxb5 26. Qxb5 Be5 27. Qc6 Rc8 28. Qd7 f4 29. Qe6+ Kg7 30. Qd7+ Kh8 31. h4 gxh4 32. Qg4 f3 33. Qxh4 Qg7 34. g3 Rg8 35. Bxh6 Qh7 36.
Rxe5 dxe5 37. Qf6+ Rg7 38. Qf8+ Rg8 39. Qf6+ Rg7 40. Bxg7+ Qxg7 41. Qxf3 Qe7 42. Qe4 Kg7 43. f4 Qc5+ 44. Kg2 exf4 45. Qe5+ Kg8 46. Qe6+ Kf8 47. Qf5+ Ke8 48. gxf4 Kd8 49. Kf3 Qc3+ 50. Kg4 Qb2 51. Kg5 Qxa2 52. Qf6+ Kc8 53. Qe6+ Kb8 54. Qe8+ Ka7 55.
Qc6 Kb8 56. d6 Qg8+ 57. Kf5 Qf8+ 58. Ke5 Qxd6+ 59. Qxd6 cxd6+ 60. Kxd6 a4 61. f5 a3 62. f6 a2 63. f7 a1=Q 64. f8=Q+ Kb7 65. Qe7+ Ka6 66.
Qe2+ b5 67. Qd3 Qf6+ 68. Kc5 Qb6+ 69. Kb4 Qc6 70. Kb3 Kb6 71. Qc3 Qd5+ 72. Kb2 Qd6 73. Qd3 Qb4+ 74. Qb3 Qe7 75. Qd3 b4 76. Qb3 Qe5+ 77.
Kb1 Kb5 78. Ka2 Qc5 79. Kb1 Qa7 80. Kb2 Qg1 81. Ka2 Qc1 82. Qd5+ Ka4 83. Qb3+ Ka5 84. Qd5+ Kb6 85. Qd6+ Kb5 86. Qd5+ Ka6 87. Qc6+ Ka7 88. Qc7+ Ka6 89. Qc6+ Ka5 90. Qc5+ Ka4 91. Qc6+ Ka5 92. Qc5+ Ka4 93. Qc6+ Ka5 1/2-1/2

[Event "Late-Titled-Tuesday-Blitz-December-26-2023"]
[Site "Chess.com"]
[Date "2023.12.26"]
[Round "4"]
[White "Aguiar94"]
[Black "German_Bazeev"]
[Result "1-0"]
[WhiteElo "2568"]
[BlackElo "2835"]
[TimeControl "180+1"]
[EndTime "14:41:14 PST"]
[Termination "Aguiar94 won on time"]

1. e4 c5 2. Nf3 Nf6 3. e5 Nd5 4. Nc3 Nxc3 5. dxc3 Nc6 6. Bf4 Qb6 7. Bc4 e6 8. O-O Qc7 9. a4 h6 10. h4 b6 11. Qe2 Bb7 12. Rfd1 O-O-O 13. Rd2 Be7 14. h5 Rhg8 15. Rad1 g6 16. hxg6 Rxg6 17. Bd3 Rg4 18. g3 Rdg8 19. Bh7 R8g7 20. Rxd7 Qxd7 21.
Rxd7 Kxd7 22. Bxh6 Rxh7 23. Qd3+ Nd4 24. Nxd4 Rxd4 25.
cxd4 Rxh6 26. dxc5+ Kc8 27. f3 Bxc5+ 28. Kg2 Rh8 29. c3 Rd8 30. Qc4 Rd2+ 31. Kh3 Kb8 32. b4 Bg1 33. Qf4 Rd7 34. a5 bxa5 35. bxa5 a6 36.
Kg4 Bc5 37. Qf6 Rc7 38. Qd8+ Rc8 39. Qd7 Rc7 40. Qd8+ Bc8 41. f4 Be7 42. Qe8 Ba3 43. Kh4 Bb2 44. c4 Bc3 45. Qa4 Bd4 46. Qe8 Bc5 47.
g4 Kb7 48. f5 Re7 49. Qd8 Rd7 50. Qf6 exf5 51. gxf5 Rc7 52. e6 fxe6 53. Qe5 exf5 54. Kg3 Be7 55. Kf3 Bc5 56. Ke2 Bd7 57. Kd3 Bc6 58.
Qxf5 Rd7+ 59. Kc3 Bd4+ 60. Kb4 Bg7 61. Qg6 Bf8+ 62. Kc3 Rc7 63. Qf5 Rd7 64. Qxf8 Rc7 65. Qb4+ Kc8 66. Qb6 Bb7 67. Kd4 Rc6 68. Qb4 Re6 69.
Qf8+ Kd7 70. Kc5 Rc6+ 71. Kb4 Re6 72. Qf7+ Re7 73. Qf5+ Kc7 74. Kc5 Rd7 75. Qf4+ Kc8 76. Kb6 Kd8 77. c5 Re7 78. c6 1-0

[Event "Late-Titled-Tuesday-Blitz-December-26-2023"]
[Site "Chess.com"]
[Date "2023.12.26"]
[Round "4"]
[White "Smile2005"]
[Black "SnekkerAndersen"]
[Result "0-1"]
[WhiteElo "2387"]
[BlackElo "2566"]
[TimeControl "180+1"]
[EndTime "14:41:17 PST"]
[Termination "SnekkerAndersen won by checkmate"]

1. e4 e6 2. d4 d5 3. Nd2 Nf6 4. e5 Nfd7 5. Bd3 c5 6. c3 Nc6 7. Ne2 f6 8. exf6 Nxf6 9. Nf3 Bd6 10. O-O O-O 11. Bf4 Ne4 12. Bxd6 Qxd6 13. Bxe4 dxe4 14. Ng5 Qd5 15. Nh3 e5 16. dxc5 Qxc5 17. Qb3+ Kh8 18. Ng5 Qe7 19. Nxe4 Be6 20. Qc2 Rad8 21.
N2g3 Rd7 22. Rad1 Rfd8 23. Rxd7 Qxd7 24. Nc5 Qd5 25. Nxe6 Qxe6 26. b3 Qd5 27. Ne4 h6 28.
h3 a6 29. Ng3 Qd2 30. Qg6 Qxc3 31. Nf5 e4 32. Nd6 Ne5 33. Qe6 Qc6 34. Qxe5 Rxd6 35. Re1 Re6 36. Qb8+ Kh7 37. Qf4 Qd5 38. Re3 Qe5 39.
Qxe5 Rxe5 40. f3 Ra5 41. Rxe4 Rxa2 42. Kh2 Rb2 43. Re3 Kg6 44. Kg3 Kf5 45. h4 b5 46.
Kh3 a5 47. Rd3 Ke5 48. g4 Rc2 49. Kg3 b4 50. Re3+ Kd5 51. Rd3+ Kc5 52. Rd1 Rc3 53. Ra1 Kb5 54. Rb1 a4 55. bxa4+ Kxa4 56. g5 h5 57. Ra1+ Ra3 58. Re1 b3 59. Re7 b2 60. Ra7+ Kb3 61. Rb7+ Ka2 62. Rxb2+ Kxb2 63. Kf4 g6 64. Ke4 Ra5 65. f4 Rf5 66. Ke3 Kc3 67. Ke4 Kd2 68.
Kf3 Kd3 69. Kg3 Ke3 70. Kh3 Kxf4 71. Kh2 Kg4 72. Kg2 Kxh4 73. Kh2 Kxg5 74. Kg2 Kf6 75. Kg3 Ke7 76. Kh3 Kd8 77. Kh4 Kc8 78. Kg3 Kb8 79. Kh3 Ka8 80. Kg3 Ka7 81. Kh3 Ka6 82.
Kg3 Ka5 83. Kh3 Ka4 84. Kg3 Ka3 85. Kh3 Ka2 86. Kg3 Ka1 87. Kh3 Kb2 88. Kg3 Kc3 89.
Kh3 Kd4 90. Kg3 Ke5 91. Kg2 g5 92. Kh3 Rf4 93. Kh2 Kf6 94. Kg2 Kg7 95. Kg3 Kh8 96. Kh3 Kg8 97. Kg3 Kf8 98. Kh3 Ke8 99. Kg3 Kd8 100.
Kh3 Kc8 101. Kg3 Kb8 102. Kh3 Ka8 103. Kg3 Ka7 104. Kh3 Ka6 105. Kg3 Ka5 106. Kh3 Ka4 107. Kg3 Ka3 108. Kh3 Ka2 109. Kg3 Ka1 110. Kh3 Kb1 111. Kg3 Kc2 112. Kh3 Kd3 113. Kg3 Ke4 114. Kh3 h4 115. Kg2 g4 116. Kh2 Rf3 117. Kg2 Ra3 118. Kh2 Ra2+ 119. Kg1 Kf3 120. Kh1 Kg3 121. Kg1 Ra1# 0-1

[Event "Late-Titled-Tuesday-Blitz-December-26-2023"]
[Site "Chess.com"]
[Date "2023.12.26"]
[Round "4"]
[White "Kildepiotr"]
[Black "DanielNaroditsky"]
[Result "0-1"]
[WhiteElo "2675"]
[BlackElo "3108"]
[TimeControl "180+1"]
[EndTime "14:41:35 PST"]
[Termination "DanielNaroditsky won by resignation"]

1. Nf3 Nf6 2. g3 g6 3. Bg2 Bg7 4. O-O O-O 5. d4 d6 6. Nbd2 Nc6 7. e4 e5 8. dxe5 Nxe5 9. Nxe5 dxe5 10. Qe2 Qe7 11. Nc4 Bg4 12. f3 Be6 13. Ne3 Rad8 14.
Bd2 Qc5 15. Bc3 Bh6 16. Rfe1 Rd7 17. Qf2 Rfd8 18. Bf1 b5 19. Ng4 Qxf2+ 20. Nxf2 Bd2 21. Bxd2 Rxd2 22. Rad1 a6 23. a3 Kf8 24. Rxd2 Rxd2 25. Bd3 c5 26. Re2 Rxe2 27. Bxe2 c4 28. Nd1 Ke7 29. Kf2 Kd6 30. Ke3 Nd7 31. Nc3 Kc5 32. f4 f6 33. h4 Nb6 34. Bf1 a5 35. fxe5 fxe5 36. Nd1 Na4 37. c3 b4 38. axb4+ axb4 39. Kd2 b3 40. Kc1 Nb6 41. Nf2 Nd7 42. Kd2 Nb6 43.
Be2 Bd7 44. Ng4 Bxg4 45. Bxg4 h6 46. Be6 Na4 47. Kc1 Nb6 48. Kd2 g5 49. hxg5 hxg5 50. Bf5 Na4 51. Kc1 Nb6 52. Kd2 Na8 53. Be6 Nc7 54.
Bf7 Nb5 55. Kc1 Nd6 56. Bg6 Kc6 57. Kd2 Kd7 58. Ke3 Kc6 59. Bh7 Kc5 60. Bg8 Nc8 61. Be6 Ne7 62. Kd2 Nc6 63. Ke3 Nb8 64. Kd2 Nc6 65.
Ke3 Na7 66. Kd2 Nb5 67. Bd5 Nd6 68. Ke3 Ne8 69. Be6 Nf6 70. Bf5 Nh5 71. Kf3 Ng7 72. Kg4 Ne8 73. Kxg5 Nd6 74. Kf6 Nb5 75. g4 Nxc3 76. g5 Nd1 77. g6 c3 78. g7 cxb2 79.
g8=Q b1=Q 80. Qc8+ Kd4 81. Qd7+ Ke3 82. Qa7+ Kd2 83.
Qa5+ Nc3 84. Qxe5 Qd3 85. Qh2+ Ne2 86. e5 Qc3 87. Bg4 Qd3 88. Bxe2 Qxe2 89. Qf4+ Kc2 90. e6 b2 91. Qf5+ Kc1 92. e7 b1=Q 93. Qc5+ Qbc2 94. Qa3+ Kb1 95. Qb4+ Kc1 96. Qa3+ Qb2+ 97.
Qxb2+ Qxb2+ 98. Kf7 Qf2+ 99. Kg7 Qg3+ 100. Kf7 Qf4+ 0-1

[Event "Late-Titled-Tuesday-Blitz-December-26-2023"]
[Site "Chess.com"]
[Date "2023.12.26"]
[Round "4"]
[White "jactorres"]
[Black "GoltsevDmitry2000"]
[Result "0-1"]
[WhiteElo "2505"]
[BlackElo "2685"]
[TimeControl "180+1"]
[EndTime "14:41:35 PST"]
[Termination "GoltsevDmitry2000 won on time"]

1. e4 e6 2. d4 d5 3. Nc3 c5 4.
exd5 exd5 5. Nf3 Nf6 6. Bb5+ Nc6 7. O-O Be7 8. dxc5 Bxc5 9. Re1+ Be6 10. Be3 Bd6 11.
Nd4 O-O 12. h3 Bd7 13. Bf1 h6 14. g3 Ne5 15. Bg2 Nc4 16. Bc1 Rc8 17. b3 Nb6 18. Bb2 Bb4 19. Re3 Re8 20. Rxe8+ Qxe8 21. Qd3 a6 22. a3 Bc5 23. Rd1 Qe5 24. Nce2 Ne4 25.
Bc1 Qf6 26. Bxe4 dxe4 27. Qxe4 Bxh3 28. Qxb7 Rd8 29. Be3 Nd5 30. Qc6 Qe7 31. Nf5 Bxf5 32. Qxc5 Nxe3 33. Rxd8+ Qxd8 34. Qxe3 Qd1+ 35. Kg2 Qxc2 36.
Nd4 Be4+ 37. Kh2 Qb1 38. f3 Bg6 39. Ne2 Qa2 40. b4 Qc2 41. Kg2 Bd3 42. Kf2 h5 43. Ke1 Bf5 44. Kf2 Kh7 45. Qg5 Bg6 46. g4 f6 47. Qh4 Qd2 48. Qh1 Kg8 49. gxh5 Bf7 50. Qc1 Qd8 51. Qc5 Qd2 52. Qc8+ Kh7 53. Qf5+ Kg8 54.
h6 Bc4 55. Qc8+ Kh7 56. Qxc4 Qxh6 57. Qe4+ Kh8 58. Qe8+ Kh7 59. Qe4+ Kh8 60. Nf4 Qh2+ 61. Ke3 Qg1+ 62. Kd3 Qb1+ 63. Kc4 Qc1+ 64. Kd5 Qxa3 65. Ke6 Qb3+ 66. Kf5 Qf7 67. Ng6+ Kh7 68. Nf4 g6+ 69. Nxg6 Qxg6+ 70. Kf4 Kg7 71. Qe7+ Kh6 72. Qf8+ Kh7 73. Qe7+ Kg8 74. Qd8+ Kg7 75. Qe7+ Kh8 76. Qf8+ Kh7 77. Qe7+ Qg7 78. Qe4+ Kh6 79. Ke3 Qg1+ 80. Kd3 Qb1+ 81. Kd4 Qxb4+ 82. Kd5 Qxe4+ 83. fxe4 Kg5 0-1

[Event "Late-Titled-Tuesday-Blitz-December-26-2023"]
[Site "Chess.com"]
[Date "2023.12.26"]
[Round "5"]
[White "SEBAZZANO"]
[Black "SandwichOSaumon"]
[Result "1-0"]
[WhiteElo "2281"]
[BlackElo "2434"]
[TimeControl "180+1"]
[EndTime "14:49:35 PST"]
[Termination "SEBAZZANO won by resignation"]

1. d4 Nf6 2. Bf4 d6 3. Nc3 g6 4.
e4 Nbd7 5. Nf3 e5 6. dxe5 Nxe5 7.
Nxe5 dxe5 8. Qxd8+ Kxd8 9. Bxe5 Ke7 10. O-O-O Be6 11. Bxc7 Rb8 1-0

[Event "Late-Titled-Tuesday-Blitz-December-26-2023"]
[Site "Chess.com"]
[Date "2023.12.26"]
[Round "5"]
[White "severomorskij"]
[Black "sofaceindisguise"]
[Result "1-0"]
[WhiteElo "2897"]
[BlackElo "2731"]
[TimeControl "180+1"]
[EndTime "14:49:56 PST"]
[Termination "severomorskij won by resignation"]

1. d4 Nf6 2. c4 e6 3. Nc3 d5 4. Bg5 Be7 5. e3 h6 6. Bh4 O-O 7.
Nf3 Nbd7 8. Bd3 b6 9. O-O dxc4 10.
Bxc4 Bb7 11. Qe2 c5 12. Rfd1 Ne4 13. Bg3 Nxg3 14. hxg3 cxd4 15. Nxd4 a6 16. Nxe6 1-0

[Event "Late-Titled-Tuesday-Blitz-December-26-2023"]
[Site "Chess.com"]
[Date "2023.12.26"]
[Round "5"]
[White "adricalderon8"]
[Black "Mikayel99"]
[Result "0-1"]
[WhiteElo "2421"]
[BlackElo "2579"]
[TimeControl "180+1"]
[EndTime "14:50:08 PST"]
[Termination "Mikayel99 won by resignation"]

1. e4 c6 2. Nc3 d5 3. Nf3 dxe4 4. Nxe4 Nf6 5. Qe2 Nxe4 6. Qxe4 Qd5 7. Qh4 g6 8. Bc4 Qd8 9. Ne5 Be6 10. Bxe6 fxe6 11. Qf4 Qd5 12. O-O Nd7 13. Qf7+ Kd8 14. Nxd7 Kxd7 15.
d4 Qf5 16. Qxf5 exf5 17. a4 Bg7 18. c3 e5 19. dxe5 Bxe5 20. Re1 Rae8 21. a5 Bxh2+ 22. Kxh2 Rxe1 0-1

[Event "Late-Titled-Tuesday-Blitz-December-26-2023"]
[Site "Chess.com"]
[Date "2023.12.26"]
[Round "5"]
[White "IranianCheetah"]
[Black "maurovargas01"]
[Result "1-0"]
[WhiteElo "2350"]
[BlackElo "1838"]
[TimeControl "180+1"]
[EndTime "14:50:22 PST"]
[Termination "IranianCheetah won by checkmate"]

1. e4 d5 2. exd5 Qxd5 3. Nc3 Qa5 4. Nf3 c6 5. d4 Nf6 6. Bc4 Bg4 7. h3 Bh5 8. g4 Bg6 9. Ne5 e6 10. h4 Be4 11. Rh3 Bg2 12. Rg3 Bd5 13. Bd3 Ne4 14.
Qf3 Nxg3 15. Qxf7+ Kd8 16. Bg5+ Kc8 17. Qe8+ Kc7 18. Qd8# 1-0

[Event "Late-Titled-Tuesday-Blitz-December-26-2023"]
[Site "Chess.com"]
[Date "2023.12.26"]
[Round "5"]
[White "carokannlover213"]
[Black "YurasovMat-2012"]
[Result "1-0"]
[WhiteElo "2684"]
[BlackElo "2535"]
[TimeControl "180+1"]
[EndTime "14:50:24 PST"]
[Termination "carokannlover213 won by resignation"]

1. e4 e5 2. Nf3 Nf6 3. d4 Nxe4 4. Bd3 Nc6 5. dxe5 Nc5 6. Be2 d6 7. exd6 Bxd6 8. O-O O-O 9. Nc3 a6 10. Bg5 Be7 11.
Bxe7 Qxe7 12. Re1 Rd8 13. Qc1 Qf6 14. Bc4 Be6 15. Bxe6 Nxe6 16. Ne4 Qg6 17. c3 Rd7 18. Qe3 Rad8 19. Nc5 Nxc5 20. Qe8+ 1-0

[Event "Late-Titled-Tuesday-Blitz-December-26-2023"]
[Site "Chess.com"]
[Date "2023.12.26"]
[Round "5"]
[White "jefferyx"]
[Black "Kildepiotr"]
[Result "1-0"]
[WhiteElo "3017"]
[BlackElo "2673"]
[TimeControl "180+1"]
[EndTime "14:50:37 PST"]
[Termination "jefferyx won by resignation"]

1. e4 e6 2. d4 d5 3. e5 c5 4. c3 Nc6 5. Nf3 Bd7 6. Be2 Nge7 7. Na3 cxd4 8. cxd4 Qb6 9. O-O Nf5 10.
Nc2 Be7 11. a3 Rc8 12. b4 Nb8 13. a4 Bxb4 14. Rb1 Bxa4 15. Rxb4 Bxc2 16. Rxb6 Bxd1 17. Bb5+ Kd8 18. Rxb7 Bxf3 19. Bg5+ f6 20. exf6 1-0

[Event "Late-Titled-Tuesday-Blitz-December-26-2023"]
[Site "Chess.com"]
[Date "2023.12.26"]
[Round "5"]
[White "TanitoluwaAps116"]
[Black "GABUZYAN_CHESSMOOD"]
[Result "1/2-1/2"]
[WhiteElo "2760"]
[BlackElo "2896"]
[TimeControl "180+1"]
[EndTime "14:50:49 PST"]
[Termination "Game drawn by repetition"]

1. e4 c5 2. Nf3 e6 3. c3 Nf6 4.
e5 Nd5 5. Bc4 Nb6 6. Bb3 d6 7.
exd6 Bxd6 8. O-O Nc6 9. d4 c4 10. Bc2 Nd5 11. Nbd2 b5 12. a4 Ba6 13. axb5 Bxb5 14.
Ba4 Qb6 15. Bxb5 Qxb5 16. Qa4 Qxa4 17. Rxa4 Nb6 18. Ra6 Nb8 19. Ra5 Nc6 20. Ra6 Nb8 21.
Ra5 Nc6 22. Ra6 1/2-1/2

[Event "Late-Titled-Tuesday-Blitz-December-26-2023"]
[Site "Chess.com"]
[Date "2023.12.26"]
[Round "5"]
[White "Korchmar_Vasiliy"]
[Black "DanylaBagrov"]
[Result "1-0"]
[WhiteElo "2800"]
[BlackElo "2574"]
[TimeControl "180+1"]
[EndTime "14:51:12 PST"]
[Termination "Korchmar_Vasiliy won by resignation"]

1. e4 d6 2. d4 Nf6 3. Nc3 e5 4.
Nf3 Nbd7 5. Rg1 c6 6. g4 h6 7. Be3 Be7 8. h4 d5 9. exd5 e4 10. dxc6 bxc6 11. Ne5 Nxe5 12. dxe5 Nd5 13. Nxd5 cxd5 14.
Bb5+ Kf8 15. Bc6 Rb8 16. Qxd5 Rxb2 17. Qxd8+ Bxd8 18. O-O-O 1-0

[Event "Late-Titled-Tuesday-Blitz-December-26-2023"]
[Site "Chess.com"]
[Date "2023.12.26"]
[Round "5"]
[White "misterlamine"]
[Black "Alex_Banzea"]
[Result "0-1"]
[WhiteElo "2444"]
[BlackElo "2639"]
[TimeControl "180+1"]
[EndTime "14:51:28 PST"]
[Termination "Alex_Banzea won by resignation"]

1. d4 Nf6 2. c4 g6 3. Nc3 Bg7 4.
e4 d6 5. Be2 O-O 6. Nf3 Qe8 7.
O-O e5 8. d5 a5 9. Ne1 Na6 10.
Be3 Nd7 11. a3 f5 12. f3 f4 13. Bf2 g5 14. Nd3 Rf6 15. b4 Rh6 16. Kh1 Qh5 17.
Bg1 Nf6 18. c5 g4 19. fxg4 Bxg4 20. Bf3 Kh8 21. cxd6 cxd6 22. Nb5 Nxe4 0-1

[Event "Late-Titled-Tuesday-Blitz-December-26-2023"]
[Site "Chess.com"]
[Date "2023.12.26"]
[Round "5"]
[White "FrenchHarvey"]
[Black "ExchangeAB"]
[Result "1-0"]
[WhiteElo "2628"]
[BlackElo "2499"]
[TimeControl "180+1"]
[EndTime "14:51:42 PST"]
[Termination "FrenchHarvey won by resignation"]

1. e4 c6 2. Nf3 d5 3. Nc3 Bg4 4.
h3 Bxf3 5. Qxf3 e6 6. Be2 Nd7 7.
O-O Ngf6 8. d4 dxe4 9. Nxe4 Nxe4 10. Qxe4 Nf6 11. Qe3 Be7 12. c4 O-O 13. b3 Qc7 14. Bb2 c5 15. Bf3 cxd4 16. Qxd4 Rfd8 17. Qc3 Rac8 18.
Rfd1 Rxd1+ 19. Rxd1 b5 20. Be2 bxc4 21. Bxc4 h6 22. a4 Bf8 23. Qf3 Be7 24. g3 Rd8 25. Rc1 Qd6 26. Qe3 Nd5 27. Qxa7 h5 28. Bxd5 exd5 29.
Rc7 Rd7 30. Rxd7 1-0

[Event "Late-Titled-Tuesday-Blitz-December-26-2023"]
[Site "Chess.com"]
[Date "2023.12.26"]
[Round "5"]
[White "miraitrunks"]
[Black "LeonardoL2005"]
[Result "0-1"]
[WhiteElo "2076"]
[BlackElo "2269"]
[TimeControl "180+1"]
[EndTime "14:51:46 PST"]
[Termination "LeonardoL2005 won by resignation"]

1. e4 c5 2. Nc3 g6 3. Nge2 Bg7 4. d4 cxd4 5. Nxd4 Nc6 6. Be3 Nf6 7. Bc4 O-O 8. Bb3 d6 9. f3 Bd7 10. Qd2 Rc8 11.
O-O-O Ne5 12. h4 h5 13. g4 hxg4 14. Bh6 Qa5 15. Bxg7 Kxg7 16. Qg5 Nc4 17. Bxc4 Qxg5+ 18. hxg5 Rxc4 19. gxf6+ exf6 20. f4 Rfc8 21. Rd2 b5 22. Rdh2 Rxd4 23. Rh7+ Kf8 24. Nd5 Rxd5 25. exd5 Bf5 26. Rh8+ Ke7 27. Rxc8 Bxc8 28. Kd2 Bb7 29. Rh4 f5 30. Rh8 Bxd5 31. Rb8 a6 32. Ke3 g3 33.
b3 f6 34. Rb6 g5 35. fxg5 fxg5 36. Rxa6 f4+ 37. Ke2 f3+ 38. Kf1 Be6 39. Ra7+ Kf6 40.
Rh7 Kf5 41. a4 bxa4 42. bxa4 Bc4+ 0-1

[Event "Late-Titled-Tuesday-Blitz-December-26-2023"]
[Site "Chess.com"]
[Date "2023.12.26"]
[Round "5"]
[White "GiorgianBarbosa"]
[Black "egnfanclub"]
[Result "0-1"]
[WhiteElo "2499"]
[BlackElo "2358"]
[TimeControl "180+1"]
[EndTime "14:51:56 PST"]
[Termination "egnfanclub won by resignation"]

1. c4 c5 2. g3 Nf6 3. Bg2 d5 4. cxd5 Nxd5 5. Nf3 Nc6 6. O-O e5 7. Nc3 Nc7 8. d3 Be7 9. Nd2 O-O 10. Bxc6 bxc6 11.
Nc4 f6 12. Be3 Nd5 13. Ne4 Nxe3 14. Nxe3 f5 15. Nc3 f4 16. Nc4 Bf6 17. Ne4 Qd5 18. Qc2 Bh3 19. Rfc1 fxg3 20. hxg3 Bg5 21. Kh2 Bxc1 22.
Rxc1 Rxf2+ 23. Kxh3 Qe6+ 0-1

[Event "Late-Titled-Tuesday-Blitz-December-26-2023"]
[Site "Chess.com"]
[Date "2023.12.26"]
[Round "5"]
[White "Jospem"]
[Black "BlackGod93"]
[Result "1-0"]
[WhiteElo "3065"]
[BlackElo "2587"]
[TimeControl "180+1"]
[EndTime "14:52:10 PST"]
[Termination "Jospem won by resignation"]

1. e4 e5 2. Nf3 Nc6 3. Nc3 Nf6 4. h3 Bb4 5. a3 Bxc3 6. dxc3 Nxe4 7. Nxe5 Nxe5 8. Qd4 O-O 9. Qxe4 Re8 10. Be3 d5 11.
Qf4 Ng6 12. Qd4 c6 13. O-O-O Qh4 14. Qd2 Bg4 15. Bg5 Qh5 16. f3 Re5 17. h4 Bxf3 18.
gxf3 Qxf3 19. Bd3 h6 20. Rdf1 Qg3 21. Bxg6 hxg5 22. Bxf7+ Kf8 23. Bxd5+ Ke7 24. Bc4 Rd8 25. Rf7+ Ke8 26. Rf8+ Kxf8 27. Qxd8+ Re8 28. Rf1+ 1-0